[Event "*** Titled Tuesday Blitz"]
[Site "Chess.com"]
[Date "2020.10.20"]
[Round "7"]
[White "davigator"]
[Black "elohunter1999"]
[Result "1/2-1/2"]
[WhiteElo "2355"]
[BlackElo "2510"]
[TimeControl "180+1"]
[EndTime "11:21:33 PDT"]
[Termination "Game drawn by stalemate"]

1. e4 e5 2. Nf3 Nc6 3. Bb5 Nf6 4. d3 Bc5 5. Nbd2 d6 6. c3 O-O 7. O-O Ne7 8. d4 exd4 9. cxd4 Bb6 10. e5 Nfd5 11.
a3 a6 12. Bd3 Bf5 13. Qc2 Bxd3 14. Qxd3 Qd7 15. Re1 Rae8 16. Nc4 Ba7 17. Qb3 b5 18. Ncd2 c6 19. Ne4 Nf5 20. Bd2 Nxd4 21. Nxd4 Bxd4 22. exd6 f5 23. Nc3 Qxd6 24. Nxd5 Qxd5 25. Qc2 Re4 26. Bc3 Rfe8 27. Red1 Qc5 28. Qb3+ Kh8 29. Bxd4 Rxd4 30.
Rdc1 Qe7 31. Qf3 Re4 32. g3 g6 33. Rxc6 Kg7 34. Rac1 Rd8 35. Kg2 Rd6 36. Qc3+ Kh6 37. Rc7 Rd7 38. Rc6 Rd6 39. Qf3 Rxc6 40. Rxc6 Qb7 41.
Rc3 b4 42. axb4 Rxb4 43. b3 Qxf3+ 44. Kxf3 a5 45. Ke3 Kg5 46. f3 h5 47. h4+ Kf6 48. Kd3 f4 49. g4 hxg4 50. fxg4 Ke5 51. Rc5+ Kd6 52. Rxa5 f3 53. Rg5 Rxb3+ 54. Kd2 Ra3 55. Ke1 Ke6 56. Rxg6+ Ke5 57. h5 Kf4 58. h6 Kg3 59.
Rf6 Ra1+ 60. Kd2 Rh1 61. g5 f2 62. Ke2 Re1+ 63. Kd2 f1=Q 64. Rxf1 Rxf1 65. g6 Rf6 66. h7 Rxg6 67. h8=Q Rg4 68. Ke3 Kg2 69. Qc8 Kg3 70. Qf5 Kh4 71. Kf3 Rg3+ 72. Kf4 Rf3+ 73. Kxf3 1/2-1/2

[Event "*** Titled Tuesday Blitz"]
[Site "Chess.com"]
[Date "2020.10.20"]
[Round "7"]
[White "Sibelephant"]
[Black "Alexander_Zubov"]
[Result "1/2-1/2"]
[WhiteElo "3099"]
[BlackElo "2929"]
[TimeControl "180+1"]
[EndTime "11:21:34 PDT"]
[Termination "Game drawn by repetition"]

1. d4 Nf6 2. Nf3 g6 3. g3 d5 4. Bg2 Bg7 5. O-O c6 6. Nbd2 O-O 7. c4 a5 8. b3 Bf5 9. Bb2 Ne4 10. e3 Nd7 11.
Qe2 Ndf6 12. Rfc1 a4 13. cxd5 a3 14. Bc3 Nxc3 15. Rxc3 Nxd5 16. Rc4 Be6 17. Ne4 Nb6 18. Rcc1 Nd7 19. Nfd2 Bd5 20. Rab1 e5 21. dxe5 Nxe5 22.
Rd1 Qe7 23. Nc3 Be6 24. Nde4 Rfd8 25. h3 f5 26. Nd2 Nd3 27. Nf3 Nb4 28. Nd4 Bf7 29. Qf3 Ra5 30. Nde2 Rc5 31. Rxd8+ Qxd8 32. Rd1 Qe7 33. e4 fxe4 34. Nxe4 Rf5 35. Qe3 Nxa2 36. Qa7 Bd5 37. Nd4 Bxe4 38. Bxe4 Qxe4 39. Nxf5 Qxf5 40.
Rd8+ Bf8 41. Qxa3 Nc3 42. Qe7 Nd5 43. Qxb7 Qf6 44. Rc8 Ne7 45. Rc7 Qe6 46. h4 h5 47.
Qb8 Kf7 48. Ra7 Bg7 49. Qf4+ Bf6 50. b4 Qd5 51. Rc7 Qe6 52. Kg2 Qe5 53. Qc4+ Qe6 54. Qc5 Be5 55. Ra7 Bd6 56. Qd4 Qe5 57. Qxe5 Bxe5 58.
Rb7 Ke6 59. b5 cxb5 60. Rxb5 Bd6 61. Kf3 Nd5 62. Rb7 Nf6 63. Rg7 Kf5 64. Rb7 Be5 65.
Rb5 Ne4 66. Ke3 Nc3 67. Rc5 Ke6 68. f4 Bf6 69. Kd3 Nd5 70. Ke4 Nc3+ 71. Kf3 Nd5 72.
Rb5 Nc3 73. Rc5 Nd5 74. Rb5 Nc3 75. Rc5 1/2-1/2

[Event "*** Titled Tuesday Blitz"]
[Site "Chess.com"]
[Date "2020.10.20"]
[Round "7"]
[White "VladaSviridova"]
[Black "CM_rui"]
[Result "1-0"]
[WhiteElo "2257"]
[BlackElo "2350"]
[TimeControl "180+1"]
[EndTime "11:21:40 PDT"]
[Termination "VladaSviridova won by checkmate"]

1. d4 Nf6 2. c4 e6 3. Nf3 Bb4+ 4. Bd2 Qe7 5. g3 O-O 6. Bg2 Bxd2+ 7. Qxd2 d6 8. Nc3 e5 9. O-O a5 10. e4 b6 11. Nd5 Nxd5 12. cxd5 Ba6 13. Rfe1 exd4 14.
Nxd4 Nd7 15. Rac1 Nc5 16. Rc3 Rae8 17. Rce3 Qf6 18. h4 Nd7 19. Qc3 Rc8 20. Nf5 Rfe8 21. Qxf6 Nxf6 22. f3 Nd7 23. Rc1 Nc5 24. Bh3 Rb8 25. Rec3 Rb7 26. b3 Nd3 27. Rd1 Ne5 28. Nd4 h5 29. Kf2 b5 30. Bf1 b4 31. Bxa6 Rb6 32. Bb5 Rxb5 33. Nxb5 bxc3 34. Nxc3 Rb8 35. Ke3 Kf8 36. Na4 Ke7 37. Rc1 Kd7 38. Nb2 g6 39. Nc4 Nxc4+ 40. Rxc4 Rb5 41. Kd4 f6 42. Rc3 Rb4+ 43.
Rc4 Rb5 44. Kc3 Kd8 45. a3 Kd7 46. g4 hxg4 47. fxg4 Rb8 48. b4 axb4+ 49. Rxb4 Rh8 50. h5 gxh5 51. gxh5 Rxh5 52. Kd4 Rh3 53. a4 Ra3 54.
Rc4 Kd8 55. Rb4 Kd7 56. Kc4 Ra1 57. Kb5 Rc1 58. a5 Rc5+ 59. Ka4 f5 60. exf5 Rxd5 61. a6 Rxf5 62. a7 Rf1 63. Ka5 Rf5+ 64. Rb5 Rf8 65. Rb8 Rf1 66. a8=Q Ra1+ 67. Kb4 Rxa8 68. Rxa8 c5+ 69.
Kc4 Kc6 70. Ra6+ Kc7 71. Kd5 Kd7 72. Rxd6+ Kc7 73. Rc6+ Kd7 74. Rxc5 Ke7 75. Rc6 Kd7 76. Kc5 Ke7 77. Rd6 Kf7 78. Kd5 Ke7 79. Ke5 Kf7 80. Re6 Kg7 81. Rf6 Kh7 82. Kf5 Kg7 83. Kg5 Kh7 84.
Rg6 Kh8 85. Kf6 Kh7 86. Rg4 Kh8 87. Kf7 Kh7 88. Rh4# 1-0

[Event "*** Titled Tuesday Blitz"]
[Site "Chess.com"]
[Date "2020.10.20"]
[Round "7"]
[White "picturesquecheck"]
[Black "Unknown_IM"]
[Result "1-0"]
[WhiteElo "2146"]
[BlackElo "2359"]
[TimeControl "180+1"]
[EndTime "11:21:41 PDT"]
[Termination "picturesquecheck won by resignation"]

1. e4 e5 2. Nf3 Nc6 3. Bc4 Bc5 4. O-O Nf6 5. c3 Nxe4 6. d4 exd4 7. cxd4 d5 8. dxc5 dxc4 9. Qc2 Nxc5 10. Qxc4 Ne6 11. Nc3 Bd7 12. Be3 O-O 13. Rfd1 Qc8 14. Rac1 Re8 15. b4 a6 16. Nd5 Ned8 17. a4 Ne6 18. b5 axb5 19. axb5 Na5 20. Qd3 Qd8 21. Nxc7 Nxc7 22. Bb6 Qf6 23. Qxd7 Ne6 24. Bxa5 Nf8 25. Qd2 Ne6 26. Bc3 Qg6 27. Ne5 Qh5 28. Qd7 Rad8 29. Qxf7+ Qxf7 30. Nxf7 Kxf7 31. g3 Ng5 32. Kg2 Ne4 33.
Bb4 Nf6 34. Rc7+ Kg6 35. Rxd8 Rxd8 36. Rxb7 Nd5 37. Ba5 Re8 38. Kf3 Rf8+ 39. Kg2 Re8 40. Rd7 Nf6 41. Rd2 Re5 42. Rb2 Nd7 43. Bc3 Rc5 44. Bd4 Rd5 45. Be3 h6 46. b6 Kh7 47.
b7 g6 48. b8=Q Nxb8 49. Rxb8 g5 50. Rb7+ Kg6 51. g4 h5 52. Rb6+ Kh7 53. gxh5 g4 54.
h6 Rd7 55. Kg3 Re7 56. Kxg4 Rf7 57. h4 Rd7 58. Re6 Rc7 59. Bg5 Rc4+ 60. f4 Rc8 61.
Re7+ Kh8 62. Kh5 Rf8 63. Kg6 Rg8+ 64. Kh5 Rf8 65. Rd7 Kg8 66. f5 Kh8 67. f6 Kg8 68. h7+ Kh8 69. Bh6 Rf7 70. Rd8+ Kxh7 71. Bg7 Rf8 72.
Bxf8 Kg8 73. Bg7+ Kf7 74. Rf8+ Ke6 75. Kg6 1-0

[Event "*** Titled Tuesday Blitz"]
[Site "Chess.com"]
[Date "2020.10.20"]
[Round "7"]
[White "AttractiveMustard"]
[Black "poppy73"]
[Result "1-0"]
[WhiteElo "2357"]
[BlackElo "2227"]
[TimeControl "180+1"]
[EndTime "11:21:46 PDT"]
[Termination "AttractiveMustard won by checkmate"]

1. e4 c5 2. Nf3 d6 3. d4 cxd4 4. Nxd4 Nf6 5. Nc3 a6 6. Be3 e5 7.
Nf3 Be7 8. Bc4 O-O 9. O-O Qc7 10.
Bb3 b5 11. Bg5 Nbd7 12. Bxf6 Nxf6 13. Nd5 Nxd5 14. Bxd5 Rb8 15. c3 Bg4 16. h3 Bxf3 17. Qxf3 b4 18. cxb4 Rxb4 19. Rfc1 Qb8 20. b3 Kh8 21.
Rc6 f5 22. Rxa6 fxe4 23. Qe2 Qc8 24. Ra8 Qc3 25. Rxf8+ Bxf8 26. Rd1 g6 27. Qa6 Rd4 28. Rxd4 exd4 29. Qe2 e3 30. fxe3 dxe3 31. Qf3 Bg7 32. Bc4 Qa1+ 33. Bf1 Qf6 34. Qe2 Qe5 35. Qf3 h6 36. Be2 Kh7 37. Bc4 Qa1+ 38. Kh2 Qe5+ 39. g3 Qb2+ 40. Qe2 Qxe2+ 41. Bxe2 Bb2 42. Kg2 Bc3 43. Kf3 Bd2 44. Ke4 Kg7 45. Kd5 Bb4 46. a4 Kf6 47. Kd4 Ke6 48. Kxe3 Ke5 49. Bc4 d5 50.
Bd3 d4+ 51. Kf3 Be1 52. Bxg6 Bb4 53. Bd3 Kd5 54. Kf4 Bd2+ 55. Kf5 Be1 56. g4 Bd2 57. h4 Kc5 58. g5 hxg5 59. hxg5 Kb4 60. Bc4 d3 61. g6 Bc3 62. Bxd3 Kxb3 63. a5 Kb4 64. a6 Kc5 65. a7 Kd6 66. a8=Q Ke7 67. Qa7+ Kd6 68.
Qf7 Kc5 69. g7 Kd4 70. g8=Q Kxd3 71. Qc4+ Kd2 72. Qg2+ Ke1 73. Qce2# 1-0

[Event "*** Titled Tuesday Blitz"]
[Site "Chess.com"]
[Date "2020.10.20"]
[Round "7"]
[White "Smile2005"]
[Black "TrickyFortem"]
[Result "1-0"]
[WhiteElo "2353"]
[BlackElo "2444"]
[TimeControl "180+1"]
[EndTime "11:21:47 PDT"]
[Termination "Smile2005 won by resignation"]

1. Nf3 c5 2. g3 Nc6 3. Bg2 e5 4. O-O e4 5. Ne1 d5 6. c4 f5 7. d3 dxc4 8. Qa4 cxd3 9. exd3 Nf6 10. dxe4 Nxe4 11. Nc3 Nxc3 12. bxc3 Be7 13. Bxc6+ bxc6 14. Qxc6+ Bd7 15. Qd5 Rc8 16. Nd3 Bc6 17. Qxf5 g6 18. Qe6 Bd5 19. Qe5 Rf8 20. Re1 Rc6 21. Nf4 Bc4 22.
Ba3 g5 23. Rad1 Qc7 24. Qxc7 Rxc7 25. Ne6 Bxe6 26. Rxe6 Kf7 27. Re5 Rfc8 28. c4 Bf6 29. Red5 Kg6 30. Kg2 Bd4 31. Re1 Rf7 32. Re6+ Kh5 33.
f3 Rf6 34. Rxf6 Bxf6 35. Bxc5 a6 36. Bd4 Be7 37. c5 Kg6 38. Re5 Kf7 39. Kh3 h5 40. f4 gxf4 41. gxf4 h4 42. f5 Bf6 43. Rd5 Bxd4 44.
Rxd4 Rxc5 45. Rf4 Ra5 46. a4 Kf6 47. Kxh4 Rc5 48. Kg4 Rc2 49. h4 Rg2+ 50. Kh3 Rg1 51. Rg4 Rh1+ 52. Kg2 Rb1 53. Rf4 Rb3 54. Kf2 Rh3 55. Ke2 Ra3 56. Kd2 Rg3 57. Ke2 Rh3 58. Kd2 Ra3 59. Kc2 Rh3 60. Kb2 Rd3 61. Rc4 Rd6 62.
Kb3 Kxf5 63. Kb4 Rh6 64. Ka5 Ke5 65. Rb4 Kd5 66. Rg4 Kc5 67. Rg5+ Kc6 68. h5 Kb7 69. Kb4 Kb6 70. a5+ Kc6 71. Rg6+ Rxg6 72. hxg6 Kd6 73. g7 1-0

[Event "*** Titled Tuesday Blitz"]
[Site "Chess.com"]
[Date "2020.10.20"]
[Round "7"]
[White "MITerryble"]
[Black "esapunov"]
[Result "1-0"]
[WhiteElo "2895"]
[BlackElo "2763"]
[TimeControl "180+1"]
[EndTime "11:21:52 PDT"]
[Termination "MITerryble won by resignation"]

1. e4 c5 2. Nf3 d6 3. Bb5+ Bd7 4. Bxd7+ Qxd7 5. O-O Nf6 6. e5 dxe5 7. Nxe5 Qc7 8. d4 e6 9. Bf4 Qc8 10. Nc3 cxd4 11.
Qxd4 Bc5 12. Qa4+ Nbd7 13. Rad1 Ke7 14. Nxd7 Nxd7 15. Ne4 e5 16. Rxd7+ Qxd7 17. Qxd7+ Kxd7 18. Nxc5+ Kc6 19. Be3 Rhd8 20. Nd3 f6 21. f3 a5 22. Kf2 b5 23. Ke2 Rd5 24. a3 Rad8 25. g4 Kd6 26. Bd2 Ra8 27. h4 Ke6 28. f4 Rc8 29. Rc1 a4 30. Be3 Rc4 31. c3 h6 32. Rf1 Rc8 33.
h5 Rc4 34. Rg1 Kf7 35. fxe5 fxe5 36. g5 Rh4 37. gxh6 gxh6 38. Bxh6 Rxh5 39. Be3 Rh2+ 40.
Nf2 Rd7 41. Rg5 Ke6 42. Rg6+ Kd5 43. Rg4 Rf7 44. Rb4 Kc6 45. c4 Rb7 46. c5 Kd5 47.
Rg4 Rf7 48. Rg5 Re7 49. Rg6 Kc4 50. c6 Kb3 51. Bb6 Rhh7 52. Nd3 e4 53. Nf4 Ref7 54. Ke3 Kxb2 55. Bc5 Kb3 56. Kxe4 Rh4 57. Bd6 b4 58. c7 Rxc7 59. Bxc7 bxa3 60. Rb6+ Kc2 61. Rc6+ Kb3 62. Be5 a2 63. Rb6+ Kc4 64. Rc6+ Kb3 65. Rc3+ Kb4 66. Rc1 Kb3 67. Ke3 Rh2 68. Rc3+ Kb4 69. Nd3+ Kb5 70. Rc5+ Kb6 71. Rc1 Kb5 72. Bxh2 a3 73. Ra1 Kc4 74. Be5 Kb3 75. Kd2 Kc4 76. Rxa2 Kd5 77. Rxa3 Kc4 78. Bc3 1-0

[Event "*** Titled Tuesday Blitz"]
[Site "Chess.com"]
[Date "2020.10.20"]
[Round "7"]
[White "Mazetovic"]
[Black "vugarrasulov"]
[Result "0-1"]
[WhiteElo "2746"]
[BlackElo "2870"]
[TimeControl "180+1"]
[EndTime "11:21:59 PDT"]
[Termination "vugarrasulov won on time"]

1. e4 e5 2. Nf3 Nc6 3. Bb5 f5 4. d3 fxe4 5. dxe4 Nf6 6. Qd3 d6 7. Nc3 Be6 8. Bg5 Be7 9. Bxf6 Bxf6 10. Nd5 O-O 11. c3 Kh8 12. Ba4 Bg4 13. O-O Ne7 14.
Nxe7 Qxe7 15. h3 Bh5 16. Bb3 c6 17. Rad1 Rad8 18. Rde1 b5 19. a4 a6 20. axb5 axb5 21.
Nh2 Bg5 22. Ng4 Bg6 23. Qe2 Rf4 24. Bc2 Rdf8 25. g3 Rf3 26. Kg2 Bh5 27. Qxf3 Rxf3 28. Kxf3 b4 29. Ra1 Qf8+ 30. Kg2 bxc3 31. bxc3 Bd2 32.
Ra3 h6 33. Rd1 Bg5 34. Ra6 Qc8 35. Rda1 Kh7 36. Bb3 Qb7 37. Bc4 d5 38. Ra7 Qb2 39. exd5 Qxc3 40. Be2 cxd5 41. R7a3 Qd2 42. Bf3 e4 43.
Bd1 Bg6 44. Kf1 Bf5 45. Ra5 e3 46. Be2 exf2 47. R5a2 Qd4 48. Rd1 Qe4 49. Nxf2 Qe3 50. Bd3 Bxd3+ 51. Rxd3 Qc1+ 52. Kg2 Be3 53. Re2 d4 54.
Ng4 Qc6+ 55. Kh2 Qf3 56. Rdxe3 dxe3 57. Rxe3 Qd1 58. Kg2 Qd2+ 59. Kf3 Qd5+ 60. Kf2 Qh1 61. h4 Qd1 62. Re2 Qd4+ 63. Ne3 Qf6+ 64. Kg1 Qc6 65. Ng2 Qf3 66. Re3 Qd1+ 67. Kh2 Qd4 68. Rf3 g5 69. hxg5 hxg5 70. Ne3 Kg6 71. g4 Qd2+ 72.
Kg3 Qe2 73. Nf5 Qe1+ 74. Kg2 Qd2+ 75. Rf2 Qd5+ 76. Kg3 Qb3+ 77. Rf3 Qb1 78. Ne3 Qg1+ 79.
Ng2 Kg7 80. Rf5 Kg6 81. Rf3 Qd4 0-1

[Event "*** Titled Tuesday Blitz"]
[Site "Chess.com"]
[Date "2020.10.20"]
[Round "7"]
[White "HouseOfDurin"]
[Black "JoachimMouhamad"]
[Result "1/2-1/2"]
[WhiteElo "2169"]
[BlackElo "2300"]
[TimeControl "180+1"]
[EndTime "11:22:07 PDT"]
[Termination "Game drawn - insufficient material"]

1. d4 Nf6 2. Bg5 e6 3. e4 h6 4. Bxf6 Qxf6 5. e5 Qd8 6. f4 d6 7. Nf3 Nc6 8. c3 Be7 9. Nbd2 d5 10. Bd3 g6 11. Qc2 Rg8 12. O-O-O Bd7 13. g4 Bf8 14. Rhg1 Qe7 15. f5 gxf5 16. gxf5 Rxg1 17. Rxg1 exf5 18. Rg8 O-O-O 19. Bxf5 Bxf5 20. Qxf5+ Qe6 21. Nh4 Be7 22. Qxe6+ fxe6 23. Rxd8+ Kxd8 24. Ng6 Bg5 25. h4 Be3 26. Kd1 Ke8 27. Ke2 Bxd2 28. Kxd2 Kf7 29. h5 Na5 30. b3 b6 31. Kd3 c5 32. Nh4 c4+ 33. Kc2 b5 34. Nf3 Nc6 35. bxc4 dxc4 36. Nd2 Ne7 37. Ne4 a6 38. a4 Nd5 39. Nd6+ Ke7 40.
axb5 axb5 41. Nxb5 Nf4 42. Nd6 Nxh5 43. Nxc4 Nf4 44.
Nd2 Kf7 45. Nf3 Kg6 46. c4 Kf5 47. c5 Ke4 48. c6 Nd5 49. Nh4 Kxd4 50. Ng6 Kc5 51.
Kd3 Kxc6 52. Ke4 Kc5 53. Nf8 Nc7 54. Nd7+ Kc6 55. Nf8 h5 56. Ng6 Nd5 57. Nf8 Nc7 58.
Ng6 Kc5 59. Ne7 Kc4 60. Nc8 Nd5 61. Nd6+ Kc5 62. Nf7 Nc3+ 63. Kd3 Nb5 64. Ng5 Kd5 65. Ke3 Kxe5 66. Kf3 Kf5 67. Nf7 e5 68. Kg3 Nd4 69.
Kh4 Ne2 70. Kxh5 e4 71. Ng5 e3 72. Nf3 Kf4 73. Ne1 Ng3+ 74. Kh4 Nf5+ 75. Kh3 e2 76.
Kg2 Ke3 77. Kg1 Nd4 78. Ng2+ Kf3 79. Ne1+ Kg3 80. Nd3 Nf3+ 81. Kh1 Kh3 82. Nf2+ Kg3 83. Nd3 Nd4 84. Ne1 Kf2 85. Nd3+ Ke3 86. Ne1 Nf3 87. Nc2+ Kd2 88. Nd4 e1=Q+ 89. Kg2 Qf2+ 90. Kxf2 1/2-1/2

[Event "*** Titled Tuesday Blitz"]
[Site "Chess.com"]
[Date "2020.10.20"]
[Round "7"]
[White "mshuaau0"]
[Black "profofchess"]
[Result "0-1"]
[WhiteElo "2219"]
[BlackElo "2356"]
[TimeControl "180+1"]
[EndTime "11:22:18 PDT"]
[Termination "profofchess won by checkmate"]

1. e4 e6 2. d4 d5 3. Nc3 Bb4 4. e5 c5 5. a3 Bxc3+ 6. bxc3 Ne7 7. f4 Qa5 8. Bd2 Qa4 9. Nf3 Nbc6 10. Rb1 b6 11. Bb5 Qxa3 12. Qe2 Bd7 13. O-O cxd4 14.
cxd4 Nf5 15. Bxc6 Bxc6 16. g4 Nh6 17. Bb4 Qa4 18. Qg2 Bb5 19. Rfc1 Bc4 20. h3 Kd7 21. Ng5 Qc6 22. Bd6 a5 23. c3 a4 24. Ra1 Bb3 25. Ba3 Qc4 26. Qd2 f6 27. Nf3 Nf7 28. exf6 gxf6 29. Re1 Rae8 30. Rac1 Rhg8 31. Kh2 Rh8 32. Re3 h5 33. g5 fxg5 34. Nxg5 Nxg5 35. fxg5 Rh7 36.
Rf3 Rg7 37. Rcf1 Qc7+ 38. Kh1 Kc8 39. Rf7 Rxf7 40. Re1 Rg7 41. Re5 Qf7 42. h4 Qf3+ 43. Kh2 Qg4 44. Qf2 Rf7 45. Qxf7 Qxh4+ 46. Kg2 Qg4+ 47. Kf2 Qh4+ 48. Ke3 Qg3+ 49. Qf3 Qxf3+ 50. Kxf3 Rh8 51. Kg3 h4+ 52. Kg4 Bc2 53. Re2 Bf5+ 54. Kf4 h3 55. Rh2 Rg8 56. Ke5 Kb7 57. Kf6 Kc6 58.
Kf7 Rg6 59. Rxh3 Rxg5 60. Rh6 Rg4 61. Kf6 Rg3 62. Ke5 Rxc3 63. Bd6 Re3+ 64. Kf6 Re4 65. Be7 Rxd4 66. Rh8 Rc4 67. Rc8+ Kb5 68. Rb8 Rc3 69. Bd8 Rc6 70. Be7 Rc4 71. Ke5 Rc3 72. Bd8 Rc6 73. Be7 Bc2 74. Ba3 Bb3 75. Bd6 Kc4 76.
Be7 b5 77. Rh8 d4 78. Rh4 Kc3 79. Rxd4 Rc4 80. Rd8 Kb2 81. Bf6 Kb1 82. Kxe6 Rc6+ 83. Ke5 Ra6 84. Rd1+ Bxd1 85. Be7 Bb3 86. Bb4 a3 87. Kd4 a2 88. Bc3 a1=Q 89. Bxa1 Rxa1 90. Kc5 Ra2 91. Kb4 Rh2 92. Kxb5 Bd1 93. Kc5 Kc2 94. Kd4 Rh3 95. Ke5 Kd2 96. Kf4 Ke2 97. Ke5 Re3+ 98.
Kd4 Rh3 99. Kc5 Rh4 100. Kd6 Ke3 101. Ke5 Rh5+ 102. Kf6 Ke4 103. Kg6 Ra5 104. Kf6 Be2 105. Ke7 Ra6 106. Kd7 Kd5 107. Kc7 Rh6 108. Kd7 Rh7+ 109. Ke8 Ke6 110. Kf8 Ra7 111. Kg8 Kf6 112. Kf8 Ra8# 0-1

[Event "*** Titled Tuesday Blitz"]
[Site "Chess.com"]
[Date "2020.10.20"]
[Round "7"]
[White "Grieve72"]
[Black "SergeyShtyka"]
[Result "1/2-1/2"]
[WhiteElo "2441"]
[BlackElo "2281"]
[TimeControl "180+1"]
[EndTime "11:22:46 PDT"]
[Termination "Game drawn by agreement"]

1. e4 c5 2. Nf3 Nc6 3. d4 cxd4 4. Nxd4 Nf6 5. Nc3 e5 6. Ndb5 h6 7. Nd6+ Bxd6 8. Qxd6 Qe7 9. Qxe7+ Kxe7 10. Be3 d6 11.
Bc4 Be6 12. Bb3 Rac8 13. O-O-O Ng4 14. Rhe1 Nxe3 15. Rxe3 Nd4 16. Ne2 Nxe2+ 17. Rxe2 Bxb3 18. axb3 Rc6 19. c3 b5 20. b4 Ra8 21. Rd5 Rb6 22.
Kc2 a5 23. bxa5 Rxa5 24. Kb3 Ke6 25. f3 f5 26. Rd1 Ra8 27. exf5+ Kxf5 28. Red2 Ke6 29.
Rd5 Ra7 30. Kb4 Ra4+ 31. Kb3 Ra7 32. R5d2 Rc7 33. Re2 g5 34. Ra1 Rcb7 35. Kb4 Rc7 36. b3 Rbc6 37. Re3 Rc5 38. Ra5 Rb7 39. Ra8 Kf6 40. Rh8 Kg7 41. Rd8 Rc6 42. Rd3 Rbb6 43.
Rd5 Kf7 44. h3 Kg7 45. Rd7+ Kf6 46. Rxb5 Rxb5+ 47. Kxb5 Rxc3 48. Rxd6+ Ke7 49. Rxh6 Rxb3+ 50. Kc4 Rb2 51. Kd5 Rxg2 52. Kxe5 Rg3 53. Ke4 Kf7 54. h4 gxh4 55. Rxh4 Rg1 56. Rh7+ Kg6 57. Rb7 Kf6 58.
Rb6+ Kf7 59. Kf5 Rf1 60. f4 Rc1 61. Kg5 Rg1+ 62. Kf5 Rc1 63. Ra6 Rc5+ 64. Kg4 Rb5 65. f5 Rb1 66. Ra7+ Kf6 67. Ra6+ Kf7 68. Kg5 Rg1+ 69.
Kf4 Rf1+ 70. Ke4 Re1+ 71. Kd3 Rf1 72. Ke4 Re1+ 73. Kd5 Rd1+ 74. Ke5 Re1+ 75. Kf4 Rf1+ 76. Kg4 Rg1+ 77. Kh3 Rf1 78. Ra5 Kf6 79. Kg4 Rg1+ 80.
Kf4 Rf1+ 81. Ke4 Re1+ 82. Kf3 Rf1+ 83. Ke4 Re1+ 84. Kd4 Rf1 85. Ra8 Rxf5 86. Rf8+ Kg5 87. Rg8+ Kf6 88. Ke4 Re5+ 89. Kf4 Ra5 90. Rb8 Ra4+ 91.
Ke3 Ra3+ 92. Ke4 Ra4+ 93. Ke3 Ra3+ 94. Ke4 Ra4+ 95. Kd5 Ra5+ 96. Kd6 Ra6+ 97. Kd7 Ra7+ 98. Ke8 Rh7 99. Rb6+ Ke5 100. Ra6 Rh8+ 101. Kf7 Rh7+ 102. Kg8 Rb7 103. Rh6 Kf5 104. Rc6 1/2-1/2

[Event "*** Titled Tuesday Blitz"]
[Site "Chess.com"]
[Date "2020.10.20"]
[Round "7"]
[White "Chessalary"]
[Black "enriquetejedor"]
[Result "1-0"]
[WhiteElo "2360"]
[BlackElo "2457"]
[TimeControl "180+1"]
[EndTime "11:22:57 PDT"]
[Termination "Chessalary won by checkmate"]

1. d4 Nf6 2. c4 e6 3. Nc3 Bb4 4. Nf3 O-O 5. g3 c5 6. Bg5 Qa5 7. Bxf6 Bxc3+ 8. bxc3 Qxc3+ 9. Nd2 gxf6 10. dxc5 Na6 11.
Rc1 Qa5 12. Bg2 Nxc5 13. O-O f5 14. Nb3 Nxb3 15. axb3 Qe5 16. Qd2 a5 17. Rfd1 Ra6 18.
Qg5+ Qg7 19. Qe7 f6 20. Qc5 b6 21. Qc7 Qe7 22. Rd6 Qd8 23. Qxd8 Rxd8 24. Rcd1 Kf7 25. Bb7 Bxb7 26. Rxd7+ Rxd7 27. Rxd7+ Kg6 28. Rxb7 a4 29. bxa4 Rxa4 30. Rxb6 Rxc4 31. Rxe6 h5 32. Kg2 Ra4 33. h4 Rb4 34. e3 Ra4 35. Kf3 Rb4 36. Rd6 Ra4 37. Rd4 Ra5 38. Kf4 Re5 39.
f3 Ra5 40. Rc4 Rb5 41. Ra4 Rc5 42. e4 fxe4 43. fxe4 Rb5 44. Ra6 Rb4 45. Rc6 Ra4 46. Rd6 Rb4 47. Re6 Rc4 48. Kf3 Kf7 49. Rd6 Kg7 50.
Ke3 Rc3+ 51. Kf4 Rc4 52. Kf5 Rc5+ 53. Rd5 Rc3 54. Rd7+ Kh6 55. Kxf6 Rf3+ 56. Ke6 Rxg3 57. e5 Rg4 58. Ke7 Rxh4 59. e6 Re4 60. Kf7 h4 61. e7 Kg5 62. Rd5+ Kg4 63. Rd4 Rxd4 64. e8=Q h3 65.
Qe2+ Kf4 66. Qf1+ Ke5 67. Qxh3 Ke4 68. Qe6+ Kd3 69. Kf6 Re4 70. Qd5+ Rd4 71. Qf3+ Kc4 72. Ke5 Rd3 73. Qc6+ Kb3 74. Qb5+ Kc2 75. Ke4 Rc3 76.
Qb4 Rb3 77. Qc4+ Kb2 78. Kd4 Ka1 79. Qa4+ Kb2 80. Kc4 Rc3+ 81. Kb4 Rc2 82. Qe8 Kb1 83. Qe1+ Kb2 84. Qd1 Rh2 85. Qd4+ Ka2 86. Qc4+ Kb1 87. Qf1+ Ka2 88. Qf7+ Kb1 89. Qg6+ Ka2 90. Qa6+ Kb1 91. Qd3+ Ka2 92. Qb3+ Ka1 93. Ka3 Rd2 94. Qc3+ Kb1 95. Qxd2 Ka1 96. Qb2# 1-0

[Event "*** Titled Tuesday Blitz"]
[Site "Chess.com"]
[Date "2020.10.20"]
[Round "7"]
[White "annamaja"]
[Black "ShahMatKanal"]
[Result "1/2-1/2"]
[WhiteElo "2286"]
[BlackElo "2435"]
[TimeControl "180+1"]
[EndTime "11:23:34 PDT"]
[Termination "Game drawn by 50-move rule"]

1. e4 c5 2. Nf3 Nc6 3. d4 cxd4 4. Nxd4 e5 5. Nb5 a6 6. Nd6+ Bxd6 7. Qxd6 Qf6 8.
Qxf6 Nxf6 9. Nc3 d5 10. Nxd5 Nxd5 11. exd5 Nb4 12. Bd3 Nxd3+ 13. cxd3 Bf5 14. O-O O-O-O 15. f4 Bxd3 16. Rd1 e4 17. b3 Rxd5 18. Bb2 e3 19. Rac1+ Kd7 20. Bxg7 Rg8 21. Be5 Ke6 22. Re1 e2 23.
Kf2 h5 24. Rc3 h4 25. Kf3 Bf5 26. h3 Rxe5 27. fxe5 Rg3+ 28. Kf4 Rxc3 29. Rxe2 Rc2 30. Re3 Rxg2 31. Rc3 Rg3 32. Rc7 Rxh3 33. Rxb7 Bd3 34.
Rb6+ Kd5 35. Rd6+ Kc5 36. Kg4 Re3 37. Kxh4 Bg6 38. Rxa6 Rxe5 39. a4 Kb4 40. Rb6+ Ka5 41. Rb8 Re4+ 42. Kg5 Rb4 43. Ra8+ Kb6 44. Rb8+ Kc5 45.
Rc8+ Kd4 46. a5 Rxb3 47. Kf6 Ra3 48. Ra8 Kc5 49. a6 Kb6 50. Rb8+ Ka7 51. Rb7+ Kxa6 52. Rb8 Ra5 53. Rb2 Rb5 54. Ra2+ Kb6 55. Ra8 Rc5 56. Rb8+ Ka5 57. Ra8+ Kb4 58. Rb8+ Kc4 59. Rb2 Kc3 60. Rf2 Rc4 61. Rf3+ Kb4 62. Rf2 Kc5 63. Rf3 Rd4 64. Rf2 Kd5 65. Rf3 Kd6 66. Rf2 Rd5 67. Rf3 Kd7 68.
Rf4 Rd6+ 69. Kg7 Ke7 70. Rf2 f5 71. Re2+ Re6 72. Rf2 Kd6 73. Kh6 Be8+ 74. Kg5 Bd7 75.
Rxf5 Re3 76. Rf6+ Be6 77. Rf8 Re5+ 78. Kh4 Rb5 79. Rd8+ Ke5 80. Rd2 Rb4+ 81. Kg3 Bf5 82.
Rf2 Be4 83. Rf8 Rb3+ 84. Kf2 Kd4 85. Ke2 Rb2+ 86. Kf1 Ke3 87. Kg1 Rb1+ 88. Kh2 Rh1+ 89. Kg3 Rg1+ 90. Kh4 Bf3 91. Rf7 Kf2 92. Rf6 Rg4+ 93.
Kh3 Ke3 94. Re6+ Kf4 95. Rf6+ Ke4 96. Re6+ Kf5 97. Re3 Bd1 98. Re1 Rd4 99. Kg2 Kf4 100. Kf2 Bf3 101. Rc1 Rd2+ 102. Ke1 Re2+ 103. Kf1 Kg3 104.
Rc3 Rd2 105. Rc1 Rf2+ 106. Ke1 Rh2 107. Rc3 Rg2 108. Kf1 Ra2 109. Ke1 Kf4 110. Rb3 Be4 111. Rc3 Rb2 112. Ra3 Ke5 113. Rc3 Kd4 114. Ra3 Bd3 115. Ra4+ Ke3 116. Ra1 Re2+ 117. Kd1 Rd2+ 118. Kc1 Rg2 119. Ra7 Rc2+ 120. Kd1 Rb2 121. Re7+ Be4 122. Rc7 Rb1+ 123. Rc1 Rb6 124. Rc7 Rh6 125. Kc1 1/2-1/2

[Event "*** Titled Tuesday Blitz"]
[Site "Chess.com"]
[Date "2020.10.20"]
[Round "8"]
[White "Mbneu"]
[Black "enriquebutti"]
[Result "1-0"]
[WhiteElo "2228"]
[BlackElo "2007"]
[TimeControl "180+1"]
[EndTime "11:30:56 PDT"]
[Termination "Mbneu won by resignation"]

1. d4 Nf6 2. c4 e6 3. Nc3 c5 4.
d5 exd5 5. cxd5 d6 6. e4 g6 7. f4 Bg7 8. Nf3 O-O 9. Be2 Re8 10. e5 dxe5 11. fxe5 Ng4 12. e6 fxe6 13. Bg5 Bf6 14.
Bxf6 Qxf6 15. Qa4 Ne3 16. Qxe8+ 1-0

[Event "*** Titled Tuesday Blitz"]
[Site "Chess.com"]
[Date "2020.10.20"]
[Round "8"]
[White "Omk124"]
[Black "cassoulet"]
[Result "0-1"]
[WhiteElo "2489"]
[BlackElo "2686"]
[TimeControl "180+1"]
[EndTime "11:31:41 PDT"]
[Termination "cassoulet won by resignation"]

1. e4 e6 2. d4 d5 3. Nd2 c5 4.
exd5 Qxd5 5. Ngf3 cxd4 6. Bc4 Qd6 7. O-O Nf6 8. Nb3 Nc6 9. Qe2 Be7 10. Rd1 e5 11. h3 O-O 12. c3 Bf5 13. cxd4 e4 14.
Nh4 Be6 15. d5 Nxd5 16. Bxd5 Bxd5 17. Nf5 Qe5 18. Nxe7+ Nxe7 19. Be3 Be6 20. Bc5 Bxb3 21. Bxe7 Bxd1 0-1

[Event "*** Titled Tuesday Blitz"]
[Site "Chess.com"]
[Date "2020.10.20"]
[Round "8"]
[White "Infernal_XaM"]
[Black "KaterynaLagno"]
[Result "0-1"]
[WhiteElo "2857"]
[BlackElo "2715"]
[TimeControl "180+1"]
[EndTime "11:32:04 PDT"]
[Termination "KaterynaLagno won by resignation"]

1. d4 Nf6 2. c4 g6 3. Nc3 d5 4. cxd5 Nxd5 5. e4 Nxc3 6. bxc3 Bg7 7. Be3 c5 8. Nf3 O-O 9. Qd2 Qa5 10. Rc1 Nd7 11.
e5 cxd4 12. cxd4 Qxd2+ 13. Bxd2 Nb6 14. Bb4 Be6 15. Bxe7 Rfc8 16. Bc5 Nd7 17. Ba3 Rxc1+ 18. Bxc1 Rc8 19. Kd2 Bh6+ 0-1

[Event "*** Titled Tuesday Blitz"]
[Site "Chess.com"]
[Date "2020.10.20"]
[Round "8"]
[White "ehrenfeld"]
[Black "Smile2005"]
[Result "0-1"]
[WhiteElo "2476"]
[BlackElo "2364"]
[TimeControl "180+1"]
[EndTime "11:32:15 PDT"]
[Termination "Smile2005 won by resignation"]

1. e4 d5 2. exd5 Nf6 3. d4 Nxd5 4. Nf3 Bg4 5. Be2 e6 6. Ne5 Bxe2 7. Qxe2 Nd7 8. O-O Nxe5 9. dxe5 c6 10. c4 Nb6 11.
Rd1 Qc7 12. Nc3 Bb4 13. Bf4 O-O 14. Ne4 Be7 15. Nf6+ Bxf6 0-1